 Dungeon Crawl Stone Soup version 0.29.1-12-g30fa7ad0bf (webtiles) character file.

Game seed: 11993326903492629051

543 Sanktem7 the Trooper (level 7, -2/64 HPs)
             Began as a Minotaur Fighter on Jan 6, 2023.
             Slain by Pikel
             ... wielding a +2 whip of flaming
              (4 damage)
             ... on level 4 of the Dungeon.
             The game lasted 00:08:02 (3055 turns).

Sanktem7 the Trooper (Minotaur Fighter)             Turns: 3055, Time: 00:08:03

Health: -2/64      AC:  7    Str: 25    XL:     7   Next: 6%
Magic:  6/6        EV:  9    Int:  5    God:
Gold:   186        SH:  4    Dex: 10    Spells: 6/6 levels left

rFire   . . .      SeeInvis .   m - +0 war axe (elec) {axe}
rCold   . . .      Faith    .   c - +0 buckler
rNeg    + . .      Spirit   .   b - +0 scale mail
rPois   .          Reflect  .   (helmet restricted)
rElec   .          Harm     .   (no cloak)
rCorr   +          Rampage  .   (no gloves)
Will    ++...                   (no boots)
Stlth   ..........              a - amulet of Ciogush {Acrobat rN+ Will++ Str+3 Slay+3}
HPRegen 0.20/turn               q - ring of resist corrosion
MPRegen 0.10/turn               (no ring)

@: no status effects
A: horns 2, retaliatory headbutt
a: no special abilities


You were on level 4 of the Dungeon.
You visited 1 branch of the dungeon, and saw 5 of its levels.
You also visited: Sewer.

You collected 186 gold pieces.


Innate Abilities, Weirdness & Mutations

You have a pair of horns on your head.
You reflexively headbutt those who attack you in melee.


   Skills:
 * Level 6.8 Fighting
 * Level 6.1 Axes
 + Level 5.3 Armour
 - Level 3.6 Shields


You had 6 spell levels left.
You didn't know any spells.
Your spell library contained the following spells:

 Spells                   Type           Power      Damage    Failure   Level
 Poisonous Vapours        Pois/Air       0%         N/A       94%         2
 Corpse Rot               Necr/Pois/Air  0%         N/A       100%        4

Inventory:

Hand Weapons
 m - a +0 war axe of electrocution (weapon) {axe}
   (You found it on level 2 of the Dungeon)
 x - the +7 staff of the Meek {protect, meekguard, staff}
   (You found it on level 3 of the Dungeon)

   It grants its wielder temporary protection when it strikes (+7 to AC).
   It provides extra protection to wielders with little health.
Missiles
 i - 30 stones (quivered) {throwing}
 n - 4 boomerangs {throwing}
 w - 4 poisoned darts {throwing}
Armour
 b - a +0 scale mail (worn)
 c - a +0 buckler (worn)
Magical Staves
 h - a staff of cold {!astaff}
   (You found it on level 1 of the Dungeon)
 v - a staff of poison {!astaff}
   (You found it in a sewer)
Jewellery
 a - the amulet of Ciogush (around neck) {Acrobat rN+ Will++ Str+3 Slay+3}
   (You found it on level 2 of the Dungeon)

   [amulet of the acrobat]

   It increases your evasion while moving and waiting.
   Str:       It affects your strength (+3).
   Slay:      It affects your accuracy & damage with ranged weapons and melee
   (+3).
   rN:        It protects you from negative energy.
   Will:      It greatly increases your willpower.
 q - a ring of resist corrosion (left hand)
   (You found it on level 3 of the Dungeon)
Wands
 p - a wand of flame (22)
   (You took it off Ijyb on level 2 of the Dungeon)
Scrolls
 e - a scroll of immolation {!r!r}
 g - a scroll of torment {unknown}
 l - 6 scrolls of identify {unknown}
 r - 3 scrolls of butterflies {unknown}
 s - a scroll of noise {unknown}
 u - 2 scrolls of summoning {unknown}
 y - a scroll of enchant weapon {unknown}
 z - a scroll of magic mapping {unknown}
Potions
 d - a potion of might
 f - 2 potions of cancellation {unknown}
 j - 2 potions of attraction {unknown}
 k - 2 potions of heal wounds {unknown}
 o - a potion of haste {unknown}
 t - a potion of degeneration {unknown}
 A - a potion of curing {unknown}

Dungeon Overview and Level Annotations

Branches:
Dungeon (5/15) Zot: 26571   Sewer (visited)
 Temple: D:4-7

Altars:
Ru

Annotations:
D:4 Pikel

... #.# .. ##. .. .. #.##.#
........####....#
.............####
........###..# ........#
#..# .$?.....###..#
..........!..#
...........@.##..#.## .
..###...WK5#........# ..
#.# #......#........# ..
#.###......#........# ..#.
#.##.......#........#
#...##..........#..O.....#
#....##.#.....#........#
....###.##.#............$.#
## #..#...#.....<......#


You could see Pikel, a lemure and a phantom.


Message History

Done exploring.
No target in view!
No target in view!
There is a stone staircase leading down here.
You climb downwards.
Level annotation: Pikel
There is a stone staircase leading up here.
Found a stone staircase leading down.
A - a silvery potion The lemure shouts!
A lemure is nearby!
A lemure is nearby!
The lemure shouts! x2
A lemure comes into view.
The lemure shouts!
A phantom comes into view.
The lemure hits you. 😕 HP[-1]
You take 1 damage, and now have 57/58 hp.
You hit the lemure. The lemure hits you. 😕 HP[-2]
You take 2 damage, and now have 55/58 hp.
You hit the lemure but do no damage. Lightning courses through the lemure!
You headbutt the lemure. The lemure hits you. The ogre barely misses you.
The lemure barely misses you.
You hit the lemure but do no damage. Lightning courses through the lemure!
You kill the lemure!
That felt strangely unrewarding.
You slash the ogre! Lightning courses through the ogre!
The ogre misses you. 😕 HP[-5]
You take 5 damage, and now have 50/58 hp.
You slash the ogre! You headbutt the ogre.
You kill the ogre!
Your Axes skill increases to level 6!
You have reached level 7! 😕 HP[+6] MP[+1]
You now have 64 max hp (+6).
You regained 6 hp, and now have 56/64 hp.
Your mp is fully restored (6).
You hit the lemure. You barely miss the lemure.
Pikel says, "You'll freeze in Cocytus!"
The lemure hits you. 😕 HP[-2]
You take 2 damage, and now have 54/64 hp.
You barely miss Pikel. Your headbutt misses Pikel. You slash the lemure!
Lightning courses through the lemure!
You kill the lemure!
That felt strangely unrewarding.
You barely miss the lemure. The lemure barely misses you. x2
Pikel hits you with a +2 whip of flaming!
Pikel burns you.
The lemure hits you but does no damage. 😮 HP[-16]
You take 16 damage, and now have 38/64 hp.
MASSIVE DAMAGE!! (PAUSE)
You slash Pikel! You hit the lemure. Lightning courses through the lemure!
You hit the lemure but do no damage. The lemure closely misses you.
Pikel closely misses you.
The lemure hits you but does no damage. 😮 HP[+1]
You hit Pikel. Lightning courses through Pikel! Your headbutt misses Pikel.
You barely miss the lemure. x2; The lemure completely misses you.
You furiously retaliate!
You headbutt the lemure.
Pikel hits you with a +2 whip of flaming!
* * * LOW HITPOINT WARNING * * *
Pikel burns you.
* * * LOW HITPOINT WARNING * * *
You block the lemure's attack. 😨 HP[-10]
You take 10 damage, and now have 29/64 hp.
You slash Pikel! You closely miss the lemure. You slash the lemure!
Pikel hits you but does no damage. The lemure hits you but does no damage.
The lemure hits you!
* * * LOW HITPOINT WARNING * * *
😨 HP[-7]
You take 7 damage, and now have 22/64 hp.
You closely miss Pikel. You hit the lemure. You barely miss the lemure.
The lemure hits you but does no damage. Pikel hits you but does no damage.
The lemure hits you.
* * * LOW HITPOINT WARNING * * *
You block the lemure's attack. Pikel hits you but does no damage.
The lemure hits you.
* * * LOW HITPOINT WARNING * * *
😱 HP[-12]
You take 12 damage, and now have 10/64 hp.
You closely miss Pikel. Your headbutt misses Pikel. You slash the lemure!
You hit the lemure. Lightning courses through the lemure!
You kill the lemure!
That felt strangely unrewarding.
Pikel hits you with a +2 whip of flaming.
* * * LOW HITPOINT WARNING * * *
Pikel burns you.
* * * LOW HITPOINT WARNING * * *
The lemure hits you.
* * * LOW HITPOINT WARNING * * *
😱 HP[-8]
You take 8 damage, and now have 2/64 hp.
The phantom attacks as you move away!
The phantom hits you but does no damage.
Pikel attacks as you move away!
Pikel hits you with a +2 whip of flaming.
You die...

Skill      XL: |  1  2  3  4  5  6 |
---------------+-------------------+-----
Fighting       | 4 5 6 |  6.8
Axes           | 3 4 5 6 |  6.1
Armour         | 4 5 |  5.3
Shields        | |  3.6

Action                   |  1- 3 |  4- 6 |  7- 9 || total
-------------------------+-------+-------+-------++-------
Melee: War axe           |    88 |   132 |     7 ||   227
       Headbutt          |    11 |    18 |       ||    29
Armor: Scale mail        |    46 |    48 |     8 ||   102
Dodge: Dodged            |    36 |    78 |     5 ||   119
Block: Buckler           |    23 |    29 |     2 ||    54

Levels and vault maps discovered:
D:1:      saegor_arrival_simple_e, layout_loops_corners,
          hellmonk_ecumenical_altar_blasted, serial_forest,
          infiniplex_forest_lined_room_2, infiniplex_forest_lined_room_2,
          infiniplex_forest_corner_2, infiniplex_forest_lined_3,
          infiniplex_forest_clump_tiny, infiniplex_forest_end_3,
          infiniplex_forest_lined_4_way
D:2:      layout_loops_ring, basic_altar
D:3:      layout_rooms, cheibrodos_sewer_entry_drain, uniq_ijyb
D:4:      layout_rooms, uniq_pikel
D:5:      layout_basic

Notes
Turn   | Place    | Note
-------+----------+-------------------------------------------
     0 | D:1      | Sanktem7 the Minotaur Fighter began the quest for the Orb.
     0 | D:1      | Reached XP level 1. HP: 19/19 MP: 0/0
     0 | D:1      | magus.rc [v1.9.6]
    32 | D:1      | Found a faded altar of an unknown god.
   292 | D:1      | Reached XP level 2. HP: 25/27 MP: 1/1
   350 | D:1      | Reached skill level 4 in Fighting
   350 | D:1      | Reached skill level 3 in Axes
   637 | D:1      | Reached skill level 4 in Armour
   658 | D:1      | Reached XP level 3. HP: 33/33 MP: 2/2
   924 | D:2      | Found a sacrificial altar of Ru.
  1085 | D:2      | Identified the amulet of Ciogush {Acrobat rN+ Will++ Str+3
                  | Slay+3}
  1491 | D:2      | Reached XP level 4. HP: 30/41 MP: 3/3
  1778 | D:3      | Noticed Ijyb
  1782 | D:2      | Reached skill level 4 in Axes
  1790 | D:2      | HP: 5/41 [something/magic dart (8)]
  1790 | D:2      | HP: 1/41 [Ijyb/puff of flame (4)]
  1791 | D:2      | Reached skill level 5 in Fighting
  1792 | D:2      | Reached XP level 5. HP: 2/48 MP: 4/4
  1792 | D:2      | Killed Ijyb
  2132 | D:3      | Found the +7 staff of the Meek {protect, meekguard}
  2164 | D:3      | Found a glowing drain.
  2179 | Sewer    | Entered a sewer
  2220 | Sewer    | Reached skill level 5 in Axes
  2325 | Sewer    | Reached XP level 6. HP: 55/57 MP: 5/5
  2442 | Sewer    | Reached skill level 6 in Fighting
  2497 | Sewer    | Reached skill level 5 in Armour
  2588 | D:3      | You fall into a shaft and drop 2 floors!
  2588 | D:5      | Entered Level 5 of the Dungeon
  2662 | D:4      | Noticed Pikel
  2980 | D:3      | You pick up a book of Vapours and begin reading...
  2980 | D:3      | You add the spells Poisonous Vapours and Corpse Rot to your
                  | library.
  3048 | D:4      | Reached skill level 6 in Axes
  3048 | D:4      | Reached XP level 7. HP: 56/64 MP: 6/6
  3053 | D:4      | HP: 16/64 [lemure[Pikel] (6)]
  3054 | D:4      | HP: 6/64 [Pikel/+2 whip of flaming (5)]
  3054 | D:4      | HP: 2/64 [lemure[Pikel] (2)]
  3055 | D:4      | Slain by Pikel

Vanquished Creatures
  An ogre (D:4)
  3 lemures (D:4)
  A bullfrog (Sewer)
  An orc priest (D:2)
  Ijyb (D:2)
  2 orc wizards
  5 gnolls
  10 adders
  4 worms
  2 dart slugs
  9 orcs
  13 endoplasms
  17 giant cockroaches
  7 goblins
  9 hobgoblins
  2 jackals (D:2)
  10 quokkas
  10 ball pythons
  4 bats
  12 frilled lizards
  4 kobolds
  7 rats
134 creatures vanquished.

Vanquished Creatures (others)
  A plant (D:1)
1 creature vanquished.

Grand Total: 135 creatures vanquished

Table legend:
 A = Non-vault XP
 B = Vault XP
 C = Vault XP percentage of total XP
 D = Non-vault monster count
 E = Vault monster count
 F = Vault count percentage of total count
                 A         B        C        D         E       F
            +---------+---------+-------+---------+---------+-------
      Total |     519 |     257 |  33.1 |      81 |      50 |  38.2
            +---------+---------+-------+---------+---------+-------
        D:1 |      44 |       0 |   0.0 |      21 |       0 |   0.0
        D:2 |     159 |      36 |  18.5 |      27 |       1 |   3.6
        D:3 |     194 |      11 |   5.4 |      32 |       3 |   8.6
        D:4 |     122 |       0 |   0.0 |       1 |       0 |   0.0
      Sewer |       0 |     210 | 100.0 |       0 |      46 | 100.0
            +---------+---------+-------+---------+---------+-------

Illustrated notes

Table legend:
 A = Kills in this place as a percentage of kills in entire the game.
 B = Kills by you in this place as a percentage of kills by you in the entire game.
 C = Kills by friends in this place as a percentage of kills by friends in the entire game.
 D = Other kills in this place as a percentage of other kills in the entire game.
 E = Experience gained in this place as a percentage of experience gained in the entire game.
 F = Experience gained in this place divided by the number of levels of this place that you have seen.
                   A       B       C       D       E      F
               +-------+-------+-------+-------+-------+----------------------
         Total | 100.0 | 100.0 |   N/A |   N/A | 100.0 | 129.3
       Dungeon |  64.9 |  64.9 |   N/A |   N/A |  72.9 | 113.2
         Sewer |  35.1 |  35.1 |   N/A |   N/A |  27.1 | 210.0
               +-------+-------+-------+-------+-------+----------------------

Table legend: (Time is in decaauts)
 A = Elapsed time spent in this place.
 B = Non-inter-level travel time spent in this place.
 C = Inter-level travel time spent in this place.
 D = Time resting spent in this place.
 E = Time spent auto-exploring this place.
 F = Levels seen in this place.
 G = Mean time per level.
                   A        B        C        D        E       F      G
               +--------+--------+--------+--------+--------+-----+--------+
         Total |   3181 |   3127 |     54 |      0 |   2403 |   6 |  530.2 |
       Dungeon |   2712 |   2658 |     54 |      0 |   2135 |   5 |  542.4 |
         Sewer |    469 |    469 |      0 |      0 |    267 |   1 |  469.0 |
               +--------+--------+--------+--------+--------+-----+--------+

Top non-repeatable levels by time:
     D:2: 1204 daAuts
     D:1: 907 daAuts
     D:3: 481 daAuts
   Sewer: 469 daAuts
     D:4: 72 daAuts
     D:5: 46 daAuts
